 Dungeon Crawl Stone Soup version 0.21.1-1-g345015f (webtiles) character file.

195 KeyboardFingers the Bolt Thrower (level 5, -2/46 HPs)
             Began as a Deep Dwarf Hunter on June 11, 2018.
             Slain by Kagorn's ghost (8 damage)
             ... on level 3 of the Dungeon.
             The game lasted 00:15:00 (2098 turns).

KeyboardFingers the Bolt Thrower (DDHu)             Turns: 2098, Time: 00:15:01

Health: -2/46      AC:  3    Str: 15    XL:     5   Next: 45%
Magic:  3/3        EV: 12    Int: 12    God:
Gold:   98         SH:  0    Dex: 14    Spells: 4/4 levels left

rFire    . . .     SeeInvis .   b - +0 short sword
rCold    + . .     Gourm    .   (no shield)
rNeg     . . .     Faith    .   e - +0 leather armour (curse)
rPois    .         Spirit   .   (no helmet)
rElec    .         Reflect  .   (no cloak)
rCorr    .         Harm     .   (no gloves)
MR       .....                  (no boots)
Stlth    ++........             (no amulet)
HPRegen  0.00/turn              j - ring of protection from cold
MPRegen  0.08/turn              (no ring)

@: non-regenerating, slowed, very slow
A: damage resistance, heal wounds, sense surroundings 1, no regeneration
a: Heal Wounds


You were on level 3 of the Dungeon.
You were hungry.

You visited 1 branch of the dungeon, and saw 3 of its levels.

You collected 98 gold pieces.

Inventory:

Hand Weapons
 a - a +1 hand crossbow
 b - a +0 short sword (weapon)
 g - a -2 dagger
 p - a +0 hunting sling
 s - a +0 vampiric short sword
Missiles
 d - 8 bolts (quivered)
 q - 9 sling bullets
Armour
 c - a +0 leather armour
 e - a cursed +0 leather armour (worn)
 k - a +1 leather armour of cold resistance
Jewellery
 j - a ring of protection from cold (left hand)
Scrolls
 m - 2 scrolls of identify
Potions
 h - 2 potions of brilliance {unknown}
 i - a potion of curing {unknown}
 l - a potion of cancellation {unknown}
 n - 2 potions of magic {unknown}
 o - a potion of lignification {unknown}
 r - 2 potions of haste {unknown}
Comestibles
 f - 4 rations


   Skills:
 + Level 2.4 Fighting
 + Level 0.6 Short Blades
 + Level 6.5 Crossbows
 + Level 1.3 Armour
 + Level 2.4 Dodging
 + Level 2.1 Stealth


You had 4 spell levels left.
You didn't know any spells.

Dungeon Overview and Level Annotations

Branches:
Dungeon (3/15)

Altars:

Annotations:
D:3 Kagorn's ghost, amateur GrFi


Innate Abilities, Weirdness & Mutations

You are resistant to damage.
You can heal yourself by infusing magical energy.
You passively map a small area around you.
You do not regenerate.


Message History

The orc wizard is no longer moving quickly.
The orc wizard hits you with a dagger.
The orc wizard hits you but does no damage.
You closely miss the orc wizard.
The orc wizard is almost dead.
Kagorn's ghost turns its malevolent gaze towards you.
The orc wizard gestures wildly while chanting.
The orc wizard blinks!
Items here: )) †† a dagger; a whip; an orc corpse; an adder corpse The orc wizard casts a spell.
The orc wizard blinks!
Kagorn's ghost hits you. Kagorn's ghost hits you!
* * * LOW HITPOINT WARNING * * *
You hit Kagorn's ghost.
Kagorn's ghost is lightly damaged.
Kagorn's ghost hits you.
* * * LOW HITPOINT WARNING * * *
Kagorn's ghost hits you!
You die...

#######......#
......#......#
#........#
,#####......#
##..........#
##...#.......# #...
#.......#
....o#.......#######
.............o.W@.>#
.....##.######)###.#
.oS.. #.o# #)# #.# .
..,*##.## #.#
#.######## , ,, #..#
#.# #.#......# **
##.# #.# #.#.####.#
,
#.####.###.#.####.#
,
#.......##........#
#.......####.######


You could see an orc wizard and Kagorn's ghost.

Vanquished Creatures
  An orc priest (D:3)
  An orc wizard (D:3)
  4 gnolls (D:3)
  5 adders
  A worm (D:3)
  7 orcs (D:3)
  2 ball pythons
  2 giant cockroaches
  4 goblins
  5 hobgoblins
  3 jackals (D:3)
  3 quokkas (D:3)
  4 bats
  A frilled lizard (D:3)
  2 kobolds (D:1)
  6 rats
51 creatures vanquished.

Notes
Turn   | Place    | Note
-------+----------+-------------------------------------------
     0 | D:1      | KeyboardFingers the Deep Dwarf Hunter began the quest for the Orb.
     0 | D:1      | Reached XP level 1. HP: 19/19 MP: 1/1
   394 | D:1      | Reached XP level 2. HP: 24/26 MP: 2/2
   870 | D:2      | Reached skill level 5 in Crossbows
   885 | D:2      | Reached XP level 3. HP: 30/32 MP: 3/3
  1371 | D:3      | Noticed Kagorn's ghost (amateur GrFi)
  1678 | D:3      | Reached skill level 6 in Crossbows
  1678 | D:3      | Reached XP level 4. HP: 27/39 MP: 3/3
  1956 | D:3      | Reached XP level 5. HP: 12/45 MP: 4/4
  1998 | D:3      | Reached skill level 1 in Armour
  2098 | D:3      | Slain by Kagorn's ghost

Skill      XL: |  1  2  3  4  5 |
---------------+----------------+-----
Crossbows      | 5 6 |  6.5
Fighting       | 2 |  2.4
Stealth        | 2 |  2.1
Armour         | 1 |  1.3
Short Blades   | |  0.6
Dodging        | |  2.4

Action                   |  1- 3 |  4- 6 || total
-------------------------+-------+-------++-------
Melee: Dagger            |    14 |       ||    14
       Short sword       |       |   101 ||   101
 Fire: Hand crossbow     |    79 |     5 ||    84
 Abil: Heal Wounds       |     2 |     4 ||     6
  Use: Scroll            |     3 |       ||     3
 Stab: Sleeping          |     1 |     1 ||     2
  Eat: Chunk             |     1 |     2 ||     3
Armor: Leather armour    |    11 |    14 ||    25
Dodge: Dodged            |    25 |    56 ||    81
